 Dungeon Crawl Stone Soup version 0.19-a0-739-gf2af308 (webtiles) character file.

25 Ordine the Poker (level 3, -2/27 HPs)
             Began as a Merfolk Skald on June 23, 2016.
             Slain by a hobgoblin
             ... wielding a +0 club
              (4 damage)
             ... on level 1 of the Dungeon.
             The game lasted 00:04:24 (698 turns).

Ordine the Poker (Merfolk Skald)                     Turns: 698, Time: 00:04:24

Health: -2/27      AC:  3    Str: 12    XL:     3   Next: 6%
Magic:  0/6        EV: 12    Int: 12    God:
Gold:   12         SH:  0    Dex: 13    Spells: 3 memorised, 1 level left

rFire  . . .     SeeInvis .     a - +0 spear
rCold  . . .     Gourm    .     b - +0 leather armour
rNeg   . . .     Faith    .     (no shield)
rPois  .         Spirit   .     (no helmet)
rElec  .         Dismiss  .     (no cloak)
rCorr  .         Reflect  .     (no gloves)
SustAt .         Harm     .     (no boots)
MR     .....                    (no amulet)
Stlth  +.........               (no ring)
                                (no ring)

@: infused, not resistant to hostile enchantments, very unstealthy
A: change form in water, swift swim
a: no special abilities


You were on level 1 of the Dungeon.
You were not hungry.

You visited 1 branch of the dungeon, and saw 1 of its levels.

You collected 12 gold pieces.

Inventory:

Hand Weapons
 a - a +0 spear (weapon)
Armour
 b - a +0 leather armour (worn)
Jewellery
 h - a +2 ring of evasion {unknown}
Scrolls
 f - a scroll of amnesia
Potions
 e - a potion of degeneration {unknown}
Books
 c - a book of Battle

   Spells                             Type                      Level
   a - Infusion                       Charms                       1
   b - Shroud of Golubria             Charms/Translocation         2
   c - Song of Slaying                Charms                       2
   d - Spectral Weapon                Hexes/Charms                 3
   e - Regeneration                   Charms/Necromancy            3
Comestibles
 d - a bread ration


   Skills:
 - Level 2.1 Fighting
 * Level 4.0 Polearms
 - Level 0.6 Armour
 + Level 2.1 Dodging
 - Level 2.0 Spellcasting
 + Level 3.7 Charms


You had one spell level left.
You knew the following spells:

 Your Spells              Type           Power        Failure   Level  Hunger
a - Infusion              Chrm           ##..         10%         1    ##.....
b - Song of Slaying       Chrm           ##......     14%         2    ###....
c - Shroud of Golubria    Chrm/Tloc      #.........   28%         2    ###....


Dungeon Overview and Level Annotations

Branches:
Dungeon (1/15)

Altars:


Message History

You closely miss the hobgoblin.
The hobgoblin is almost dead.
The hobgoblin barely misses you.
Casting: Infusion
Confirm with . or Enter, or press ? or * to list all spells.
You begin infusing your attacks with magical energy.
The hobgoblin hits you with a club.
* * * LOW HITPOINT WARNING * * *
Your leather armour prevents you from hitting the hobgoblin.
The hobgoblin is almost dead.
The hobgoblin closely misses you.
You closely miss the hobgoblin.
The hobgoblin is severely wounded.
The hobgoblin closely misses you.
You hit the hobgoblin but do no damage.
The hobgoblin is severely wounded.
You barely miss the hobgoblin.
The hobgoblin is severely wounded.
The hobgoblin hits you with a club.
You die...

#.....................
#........).........##.
#....................
##...##..............
##.# ###...#........ #
#.......÷...... #
##.#............
....######...............
........@gr.....)....#.##
......####r..####....#.##
?.... ##...# #..##.....
..!...###.(..# #.###.....
.......rg..### #.# #.#...
.......†#..# #.# #.###.
.....##.#..# #.# ####..
.... #....# #.# #.. ##.
#...## #.# #..


You could see a hobgoblin and 2 rats.

Vanquished Creatures
  A dart slug (D:1)
  2 giant cockroaches (D:1)
  2 goblins (D:1)
  4 hobgoblins (D:1)
  3 jackals (D:1)
  6 bats (D:1)
  2 giant newts (D:1)
  A rat (D:1)
21 creatures vanquished.

Notes
Turn   | Place    | Note
--------------------------------------------------------------
     0 | D:1      | Ordine the Merfolk Skald began the quest for the Orb.
     0 | D:1      | Reached XP level 1. HP: 16/16 MP: 3/3
   300 | D:1      | Reached XP level 2. HP: 21/22 MP: 5/5
   305 | D:1      | Learned a level 2 spell: Song of Slaying
   308 | D:1      | Learned a level 2 spell: Shroud of Golubria
   662 | D:1      | Reached skill level 4 in Polearms
   673 | D:1      | Reached XP level 3. HP: 15/27 MP: 0/6
   698 | D:1      | Slain by a hobgoblin

Vault maps used:
D:1:      dpeg_arrival_rhombus, minmay_domino_4

Skill      XL: |  1  2 |
---------------+-------+-----
Polearms       | 4 |  4.0
Dodging        | 2 |  2.1
Fighting       | |  2.1
Armour         | |  0.6
Spellcasting   | |  2.0
Charms         | |  3.7

Action                   || total
-------------------------++-------
Melee: Spear             ||   111
 Cast: Infusion          ||     3
  Use: Scroll            ||     3
Armor: Leather armour    ||    34
Dodge: Dodged            ||    86
